Map: Tours du crépuscule

Players

FaeryKing - Winner!

  • Race: Terran Terran
  • League: Gold
  • Spawn Location: 7:00

zidar

  • Race: Zerg Zerg
  • League: Gold
  • Spawn Location: 1:00

VOD

Have the link to the VOD?

Description

Time

  • Played on: June 12, 2016, 12:13 p.m.
  • Length: 9:52
Show
View Real Time Build Order
Export as new Build Order

FaeryKing Terran - Winner!

Build Orders:  

Get SALT Encoding   

  12  0:01  SCV  
  13  0:13  SCV  
  14  0:18  Supply Depot  
  14  0:25  SCV  
  15  0:39  SCV  
  15  0:42  Barracks  
  16  0:52  SCV  
  17  1:00  Refinery  
  17  1:04  SCV  
  18  1:16  SCV  
  19  1:29  Orbital Command  
  19  1:30  Marine  
  20  1:35  Supply Depot  
  20  1:54  Command Center  
  20  1:55  SCV  
  21  2:06  Marine  
  22  2:09  Factory  
  22  2:15  SCV  
  23  2:27  SCV  
  24  2:35  Marine  
  25  2:39  SCV  
  25  2:43  Barracks  
  26  2:45  Barracks  
  26  2:46  Refinery  
  26  2:54  Factory Tech Lab  
  26  3:00  Starport  
  26  3:03  Marine  
  26  3:04  SCV  
  28  3:11  Orbital Command  
  28  3:22  Engineering Bay  
  28  3:23  SCV  
  29  3:32  Barracks Tech Lab  
  29  3:33  Barracks Tech Lab  
  29  3:37  SCV  
  29  3:38  SCV  
  31  3:41  Starport Reactor  
  31  3:48  Supply Depot  
  31  3:49  SCV  
  31  3:53  Combat Shield  
  32  3:55  SCV  
  32  3:59  Refinery  
  32  4:01  SCV  
  32  4:02  Marine x3  
  36  4:08  Stimpack  
  36  4:09  SCV  
  38  4:14  SCV  
  38  4:15  Refinery  
  39  4:27  SCV  
  39  4:28  SCV  
  41  4:39  SCV  
  41  4:42  SCV  
  43  4:46  Medivac x2  
  43  4:48  Marine x3  
  43  4:51  SCV  
  51  4:56  Terran Infantry Weapons Level 1  
  51  5:04  Barracks x2  
  51  5:05  Marine  
  51  5:06  SCV x2  
  54  5:13  Supply Depot  
  54  5:15  Supply Depot  
  54  5:32  Supply Depot  
  54  5:34  Marine x3  
  54  5:35  SCV x2  
  59  5:38  Supply Depot  
  59  5:40  Supply Depot  
  59  5:41  Supply Depot  
  59  5:47  SCV  
  59  5:49  Concussive Shells  
  60  5:52  Marine x2, Barracks Reactor x2  
  60  5:53  Siege Tank  
  60  5:54  Medivac  
  60  5:55  Marine  
  60  5:56  SCV  
  69  5:59  SCV  
  70  6:04  Supply Depot  
  70  6:05  Supply Depot  
  70  6:10  Marine x2, SCV  
  70  6:11  SCV  
  74  6:13  Medivac  
  74  6:14  Marauder  
  78  6:28  Marine, Marauder  
  81  6:37  Marine x4  
  81  6:38  Marine  
  81  6:46  Siege Tank, Medivac x2  
  87  6:49  Marine  
  87  6:52  Terran Infantry Armor Level 1  
  85  6:55  Marine  
  85  6:57  Marine x2  
  85  6:58  Marine  
  88  7:02  Barracks Reactor  
  88  7:04  Marauder  
  90  7:08  SCV x2  
  90  7:13  Marauder  
  90  7:15  Marine x2  
  95  7:16  Marine  
  95  7:17  Marine  
  98  7:25  Supply Depot x2  
  98  7:27  Supply Depot  
  98  7:28  Siege Tank, Medivac x2  
  107  7:30  Marauder  
  107  7:39  Marine x2  
  107  7:40  Marine x3  
  107  7:41  Marine  
  107  7:42  Command Center  
  113  7:56  Marauder  
  113  7:57  Marauder  
  117  7:58  Marine x2  
  117  7:59  Marine x3  
  122  8:08  Supply Depot  
  122  8:10  Supply Depot  
  122  8:11  Supply Depot  
  122  8:26  Marine x7  
  129  8:27  Marauder  
  131  8:38  SCV  
  131  8:39  SCV  
  133  8:45  Marauder  
  135  8:50  Barracks  
  135  8:52  Barracks  
  135  8:55  Armory  
  135  9:30  Marine x7  
  135  9:31  Marine  
Show
View Real Time Build Order
Export as new Build Order

zidar Zerg 

Build Orders: Hatch First 

Get SALT Encoding   

  12  0:01  Drone  
  13  0:12  Overlord  
  13  0:17  Drone  
  14  0:30  Drone x2  
  14  0:34  Drone  
  17  0:55  Hatchery  
  16  0:57  Drone  
  16  1:01  Extractor  
  16  1:03  Drone  
  17  1:15  Drone  
  18  1:22  Overlord  
  18  1:37  Spawning Pool, Drone  
  18  1:42  Drone  
  19  1:50  Drone  
  20  2:04  Drone  
  21  2:19  Drone  
  22  2:25  Metabolic Boost  
  21  2:37  Zergling x6  
  21  2:38  Hatchery  
  23  2:45  Queen  
  25  3:08  Queen  
  25  3:11  Drone x3  
  30  3:18  Drone x3  
  33  3:29  Lair  
  33  3:40  Extractor  
  32  3:44  Pneumatized Carapace  
  32  3:46  Drone x4  
  32  3:48  Overlord  
  36  3:49  Overlord  
  36  4:04  Queen  
  38  4:19  Spore Crawler  
  38  4:22  Spore Crawler  
  36  4:25  Spore Crawler  
  36  4:31  Drone x3  
  38  4:32  Spore Crawler  
  38  4:36  Drone x6  
  43  4:50  Queen  
  45  5:00  Spore Crawler, Spire  
  45  5:02  Drone x4  
  45  5:03  Spore Crawler  
  45  5:04  Drone  
  45  5:06  Drone  
  48  5:30  Baneling Nest  
  47  5:41  Extractor  
  46  5:44  Extractor  
  46  5:49  Drone x5  
  50  5:50  Extractor  
  50  5:53  Overlord x3  
  50  5:54  Overlord x2, Extractor  
  48  5:58  Drone  
  49  6:07  Evolution Chamber  
  49  6:09  Evolution Chamber  
  47  6:22  Centrifical Hooks  
  47  6:25  Zergling x8  
  48  6:26  Zergling x16  
  47  6:50  Queen  
  49  7:08  Drone x6  
  55  7:10  Drone x3  
  55  7:12  Drone x5  
  55  7:13  Drone x4  
  67  7:18  Baneling x2  
  67  7:19  Baneling x4  
  67  7:24  Zerg Melee Weapons Level 1  
  67  7:30  Drone x3  
  67  7:31  Drone  
  67  7:33  Drone  
  72  7:55  Overlord x3  
  73  7:58  Zergling x8  
  73  7:59  Zergling x12  
  82  8:09  Drone  
  83  8:19  Drone x3  
  86  8:20  Drone x2  
  86  8:21  Drone  
  89  8:43  Drone x2  
  89  8:44  Drone x3  
  89  8:46  Drone x2  
  89  8:47  Drone  
  97  9:00  Infestation Pit  
  96  9:05  Baneling  
  96  9:06  Baneling x8  
  96  9:08  Zergling x18  
  96  9:09  Zergling x8  
  76  9:35  Zergling x2  
Tags
 
Add a new tag
Caveats
  • Supply blocks, unpowered buildings, or Contaminate may cause inaccurate times.
  • Supply counts are checked every 10 seconds.